 Dungeon Sprint DCSS version 0.25-a0-949-gdd2af9e06e (webtiles) character file.

Game seed: 5603244842273358866, levelgen mode: deterministic

193884 Atelerd the End of an Era (level 18, -6/190 (192) HPs)
             Began as a Green Draconian Fighter on May 8, 2020.
             Was the Champion of Qazlal.
             Mangled by an acid blob (39 damage)
             ... in the Dungeon (Sprint V: "Ziggurat Sprint").
             The game lasted 00:34:15 (3362 turns).

Atelerd the End of an Era (Green Draconian Fighter) Turns: 3362, Time: 00:34:16

HP:   -6/190 (192)  AC: 10    Str: 39    XL:     18   Next: 8%
MP:   29/35         EV: 23    Int: 16    God:    Qazlal [******]
Gold: 0             SH:  0    Dex: 10    Spells: 35/41 levels left

rFire    + + +     SeeInvis +   w - +7 Screaming Sword {vorpal, sonic wave}
rCold    + . .     Gourm    .   v - +18 shield of the Gong {rElec rN+ MR+ EV-5}
rNeg     + . .     Faith    .   (armour unavailable)
rPois    +         Spirit   .   (helmet restricted)
rElec    +         Reflect  .   Y - +0 cloak of the Pleiades {Int+4}
rCorr    +         Harm     .   K - +0 pair of gloves of Gumeq {Str+4} (curse)
MR       +....     NoTele   +   Q - +2 pair of boots {Fly}
Stlth    +.........             T - amulet of the Air {Inacc +Fly rElec EV+5 RMsl}
HPRegen  0.41/turn              b - ring "Gyp Voas" {Wiz +Fly rElec rF++ MR-}
MPRegen  0.24/turn              S - ring "Can Pill" {*Corrode rElec Str+9 Int+2 SInv}

@: confused, resistant, protected from physical damage, corroded, flying,
studying 4 skills, repel missiles
A: breathe noxious fumes, unfitting armour, stinger 1, poison resistance,
cold-blooded, AC +10
a: Breathe Noxious Fumes, Upheaval, Elemental Force, Disaster Area, Renounce
Religion, Stop Flying


You were in the Dungeon.
You worshipped Qazlal.
Qazlal was exalted by your worship.
You were not hungry.

You visited 1 branch

Inventory:

Hand Weapons
 w - the +7 Screaming Sword (weapon) {vorpal, sonic wave}
   (You found it in the Dungeon)

   It inflicts extra damage upon your enemies.
 J - a +9 vampiric double sword
Armour
 v - the +18 shield of the Gong (worn) {rElec rN+ MR+ EV-5}
   (You found it in the Dungeon)

   It affects your evasion (-5).
   It insulates you from electricity.
   It protects you from negative energy.
   It affects your resistance to hostile enchantments.
 K - the cursed +0 pair of gloves of Gumeq (worn) {Str+4}
   (You found it in the Dungeon)

   It affects your strength (+4).
   It has a curse placed upon it.
 Q - a +2 pair of boots of flying (worn)
 Y - the +0 cloak of the Pleiades (worn) {Int+4}
   (You found it in the Dungeon)

   It affects your intelligence (+4).
Jewellery
 b - the ring "Gyp Voas" (left hand) {Wiz +Fly rElec rF++ MR-}
   (You found it in the Dungeon)

   [ring of wizardry]

   It improves your spell success rate.
   It greatly protects you from fire.
   It insulates you from electricity.
   It affects your resistance to hostile enchantments.
   It lets you fly.
 l - an uncursed ring of fire
 p - the amulet of the Lich-sworn {Inacc rN+}
   (You found it in the Dungeon)

   [amulet of inaccuracy]

   It reduces the accuracy of all your attacks.
   It protects you from negative energy.
 r - an uncursed amulet of rage
 x - the ring of Junaorch {*Drain rF+ MP+9 Str+2}
   (You found it in the Dungeon)

   [ring of protection from fire]

   It affects your strength (+2).
   It protects you from fire.
   It affects your magic capacity (+9).
   It causes draining when unequipped.
 C - the ring of Mysticism {+Inv +Fly MR- SInv}
   (You found it in the Dungeon)

   [ring of flight]

   It affects your resistance to hostile enchantments.
   It lets you see invisible.
   It lets you turn invisible.
   It lets you fly.
 M - the amulet of Gaom {Acrobat rElec MP+9 Dex+3 Stlth+}
   (You found it in the Dungeon)

   [amulet of the acrobat]

   It helps you evade while moving and waiting.
   It affects your dexterity (+3).
   It insulates you from electricity.
   It affects your magic capacity (+9).
   It makes you more stealthy.
 N - an uncursed ring of resist corrosion
 O - an uncursed amulet of faith
 P - the ring of the Dropbear {Dex+2 SInv}
   (You found it in the Dungeon)

   [ring of see invisible]

   It affects your dexterity (+2).
   It lets you see invisible.
 R - a +3 ring of evasion
 S - the ring "Can Pill" (right hand) {*Corrode rElec Str+9 Int+2 SInv}
   (You found it in the Dungeon)

   [ring of see invisible]

   It affects your strength (+9).
   It affects your intelligence (+2).
   It insulates you from electricity.
   It lets you see invisible.
   It may corrode you when you take damage.
 T - the amulet of the Air (around neck) {Inacc +Fly rElec EV+5 RMsl}
   (You found it in the Dungeon)

   [amulet of inaccuracy]

   It reduces the accuracy of all your attacks.
   It affects your evasion (+5).
   It insulates you from electricity.
   It lets you fly.
   It protects you from missiles.
 W - an uncursed ring of protection from magic
 Z - the ring "Symadoomn" {MP+9 Int+2}
   (You found it in the Dungeon)

   [ring of magical power]

   It affects your intelligence (+2).
   It affects your magic capacity (+9).
Wands
 s - a wand of disintegration (7)
 t - a wand of iceblast (7)
 u - a wand of acid (7)
Scrolls
 a - 19 scrolls of enchant armour
 j - 2 scrolls of blinking
 q - 4 scrolls of enchant weapon
 y - 4 scrolls of amnesia
 E - 7 scrolls of fog
 F - 3 scrolls of holy word
 G - 5 scrolls of identify
 H - 5 scrolls of remove curse
 I - 2 scrolls of fear
Potions
 c - 8 potions of might
 e - 5 potions of curing
 f - 17 potions of heal wounds
 g - 10 potions of haste
 h - 4 potions of magic
 i - 2 potions of berserk rage
 z - 2 potions of brilliance
 A - 2 potions of invisibility
 B - 3 potions of resistance
 D - 5 potions of stabbing
Books
 m - a manual of Dodging
 n - a manual of Short Blades
 o - a manual of Fighting
 X - a manual of Stealth
Miscellaneous
 k - a lightning rod (4/4)
 L - a lightning rod (4/4)
 U - 15 phantom mirrors
 V - 10 tins of tremorstones
Comestibles
 d - 8 rations


   Skills:
 * Level 24.5 Fighting
 * Level 25.3 Long Blades
 * Level 22.0 Dodging
 - Level 24.5 Shields
 * Level 12.1 Spellcasting
 * Level 7.4 Conjurations
 * Level 14.5 Ice Magic
 - Level 26.8 Invocations
 - Level 16.3 Evocations


You had 35 spell levels left.
You knew the following spells:

 Your Spells              Type           Power        Failure   Level  Hunger
a - Freezing Cloud        Conj/Ice/Air   ####......   22%         6    ######.

Your spell library contained the following spells:

 Spells                   Type           Power        Failure   Level  Hunger
 Foxfire                  Conj/Fire      ###.         1%          1    None
 Shock                    Conj/Air       ###.         1%          1    None
 Ensorcelled Hibernation  Hex/Ice        ####..       1%          2    None
 Conjure Flame            Conj/Fire      ###.....     1%          3    None
 Dazzling Flash           Conj/Hex       ###...       1%          3    None
 Ozocubu's Armour         Chrm/Ice       ####....     1%          3    None
 Static Discharge         Conj/Air       ###.....     1%          3    None
 Stone Arrow              Conj/Erth      ###...       1%          3    None
 Ice Form                 Ice/Tmut       ####....     1%          4    ##.....
 Summon Ice Beast         Ice/Summ       ####....     1%          4    ##.....
 Ozocubu's Refrigeration  Ice            ######....   1%          6    ######.
 Animate Skeleton         Necr           N/A          3%          1    None
 Apportation              Tloc           #.....       3%          1    None
 Beastly Appendage        Tmut           #.....       3%          1    None
 Corona                   Hex            #......      3%          1    None
 Infusion                 Chrm           #...         3%          1    None
 Sandblast                Erth           #.....       3%          1    None
 Summon Butterflies       Summ           #.......     3%          1    None
 Mephitic Cloud           Conj/Pois/Air  ###.....     3%          3    None
 Blink                    Tloc           N/A          4%          2    None
 Corpse Rot               Necr/Air       N/A          4%          2    None
 Passwall                 Tmut/Erth      #.......     4%          2    None
 Poisonous Vapours        Pois/Air       #.....       4%          2    None
 Slow                     Hex            #.......     4%          2    None
 Sticks to Snakes         Tmut           #.......     4%          2    None
 Swiftness                Chrm/Air       #.......     4%          2    None
 Metabolic Englaciation   Hex/Ice        ####......   4%          5    #####..
 Sticky Flame             Conj/Fire      ###.....     6%          4    ##.....
 Call Canine Familiar     Summ           #.......     9%          3    None
 Confusing Touch          Hex            #.......     9%          3    None
 Gell's Gravitas          Tloc           #.........   9%          3    None
 Inner Flame              Hex/Fire       #.......     9%          3    None
 Lesser Beckoning         Tloc           #.........   9%          3    None
 Portal Projectile        Hex/Tloc       #.....       9%          3    None
 Recall                   Summ/Tloc      N/A          9%          3    None
 Spider Form              Tmut/Pois      #.........   9%          3    None
 Tukima's Dance           Hex            #.......     9%          3    None
 Fireball                 Conj/Fire      ###.......   17%         5    #####..
 Irradiate                Conj/Tmut      ###.......   17%         5    #####..
 Iskenderun's Battlesphe  Conj/Chrm      ###.....     17%         5    #####..
 Lightning Bolt           Conj/Air       ###.......   17%         5    #####..
 Airstrike                Air            #.........   28%         4    ##.....
 Cause Fear               Hex            #.........   28%         4    ##.....
 Leda's Liquefaction      Hex/Erth       #.........   28%         4    ##.....
 Passage of Golubria      Tloc           N/A          28%         4    ##.....
 Petrify                  Tmut/Erth      #.......     28%         4    ##.....
 Summon Lightning Spire   Summ/Air       #.......     28%         4    ##.....
 Bolt of Magma            Conj/Fire/Erth ###.......   28%         5    #####..
 Agony                    Necr           #.......     58%         5    #####..
 Blade Hands              Tmut           #.........   58%         5    #####..
 Excruciating Wounds      Chrm/Necr      #.........   58%         5    #####..
 Lee's Rapid Deconstruct  Erth           #.........   58%         5    #####..
 Silence                  Hex/Air        #.........   58%         5    #####..
 Summon Forest            Summ/Tloc      #.........   58%         5    #####..
 Summon Mana Viper        Hex/Summ       #.......     58%         5    #####..
 Yara's Violent Unravell  Hex/Tmut       #.........   58%         5    #####..
 Iron Shot                Conj/Erth      ###.......   65%         6    ######.
 Orb of Destruction       Conj           ####......   71%         7    #######
 Darkness                 Hex            #.........   98%         6    ######.
 Death Channel            Necr           #.........   98%         6    ######.
 Dispersal                Tloc           #.........   98%         6    ######.
 Eringya's Noxious Bog    Tmut/Pois      #.........   98%         6    ######.
 Hydra Form               Tmut           #.........   98%         6    ######.
 Invisibility             Hex            #.......     98%         6    ######.
 Statue Form              Tmut/Erth      #........    98%         6    ######.
 Spellforged Servitor     Conj/Summ      ###.......   99%         7    #######
 Dragon Form              Tmut           #.........   100%        7    #######
 Malign Gateway           Summ/Tloc      #.........   100%        7    #######
 Monstrous Menagerie      Summ           #.........   100%        7    #######
 Ring of Flames           Chrm/Fire      #.........   100%        7    #######
 Summon Greater Demon     Summ           #.........   100%        7    #######
 Summon Hydra             Summ           #.........   100%        7    #######
 Controlled Blink         Tloc           N/A          100%        8    #######
 Discord                  Hex            #.........   100%        8    #######
 Disjunction              Tloc           #.........   100%        8    #######
 Ignition                 Fire           #.........   100%        8    #######
 Summon Horrible Things   Summ           #.........   100%        8    #######
 Dragon's Call            Summ           #.........   100%        9    #######
 Shatter                  Erth           #.........   100%        9    #######
 Tornado                  Air            #.........   100%        9    #######


Dungeon Overview and Level Annotations

Branches:
Dungeon (1/1)

Altars:
Ashenzari
Cheibriados
Dithmenos
Elyvilon
Fedhas
Gozag
Hepliaklqana
Kikubaaqudgha
Makhleb
Nemelex Xobeh
Okawaru
Qazlal
Ru
Sif Muna
Trog
Uskayaw
Vehumet
Wu Jian
Xom
Yredelemnul
Zin
The Shining One
Beogh
Jiyva
Lugonu


Innate Abilities, Weirdness & Mutations

You can breathe blasts of noxious fumes.
Your lurid green scales are hard. (AC +10)
You cannot fit into any form of body armour.
Your tail ends in a poisonous barb.
Your system is resistant to poisons. (rPois)
You are cold-blooded and may be slowed by cold attacks.


Message History

You feel your flesh rotting away! The death ooze hits you!!
Your resistance to cold fades away.
You feel protected from physical attacks.
The slime creature is engulfed in freezing vapours.
Two slime creatures merge to form a large slime creature.
A large slime creature splits.
The azure jelly completely misses you. The azure jelly hits you.
The azure jelly freezes you! You resist.
Your resistance to physical damage fades away.
You feel protected from cold. The azure jelly hits you!
* * * LOW HITPOINT WARNING * * *
Your resistance to cold fades away.
You feel protected from physical attacks.
The azure jelly completely misses you.
The acid blob is engulfed in freezing vapours.
The death ooze hits you!!
* * * LOW HITPOINT WARNING * * *
You feel your flesh rotting away! The death ooze completely misses you.
The acid blob hits you!!!
You die... .......▓ .......[....... .......▓ ......G........ .......▓ ....JJGJ....... .......▓ ..GJJGGJ.G.... .......▓ ▓JGJJJJJJJG▓

.......▓
..▓▓▓GJGJJJ..▓▓
.......▓
...▓.JJJJJJG..▓.
.....≈.▓
.....JJJJJ......
....≈..▓
.....°.@JGG.....
.†..≈≈.▓
.....○JGJ.......
..▓....▓
...▓.§○..°....▓.
.▓▓▓...▓ ..
▓▓........▓▓
..▓....▓
..▓..........▓.
.....≈.▓
...............
..†....▓
...............
.....≈.▓
.......©.......
▓▓▓▓▓▓▓▓
▓▓▓▓▓▓▓▓▓▓▓▓▓▓▓


You could see 7 acid blobs, 5 azure jellies, 6 great orbs of eyes, a titanic
slime creature, a very large slime creature, 5 large slime creatures, 5 slime
creatures, a shining eye, 2 eyes of devastation, a glowing orange brain, 5 death
oozes, an eye of draining, 3 jellies, a floating eye and 2 golden eyes.

Vanquished Creatures
  An ancient lich (D)
  2 tentacled monstrosities (D)
  9 Orb Guardians (D)
  A quicksilver dragon (D)
  6 titans (D)
  An acid blob (D)
  3 death cobs (D)
  2 tentacled starspawn (D)
  5 storm dragons (D)
  A shadow dragon (D)
  A draconian knight (D)
  5 fire giants (D)
  3 frost giants (D)
  An emperor scorpion (D)
  A draconian shifter (D)
  A balrug (D)
  6 ghost moths (D)
  9 ghouls (D)
  6 stone giants (D)
  4 vampire knights (D)
  2 reapers (D)
  7 entropy weavers (D)
  2 green draconians (D)
  2 black draconians (D)
  4 white draconians (D)
  2 spark wasps (D)
  A purple draconian (D)
  4 dire elephants (D)
  3 red draconians (D)
  6 ettins (D)
  4 death oozes (D)
  10 hydras (D)
  3 catoblepae (D)
  2 hell hogs (D)
  3 vampire magi (D)
  A thrashing horror (D)
  A soul eater (D)
  7 skeletal warriors (D)
  A spriggan druid (D)
  2 glowing orange brains (D)
  6 starcursed masses (D)
  5 necromancers (D)
  7 orb spiders (D)
  12 wolf spiders (D)
  3 cyclopes (D)
  A shining eye (D)
  5 elephants (D)
  6 moths of wrath (D)
  8 black mambas (D)
  2 rust devils (D)
  5 torpor snails (D)
  12 spiny frogs (D)
  3 rime drakes (D)
  2 efreet (D)
  A yaktaur (D)
  A freezing wraith (D)
  8 komodo dragons (D)
  2 tormentors (D)
  A hellwing (D)
  8 demonic crawlers (D)
  4 red devils (D)
  2 polar bears (D)
  A meliai (D)
  7 jumping spiders (D)
  16 hornets (D)
  3 merfolk (D)
  5 slime creatures (D)
  A raiju (D)
  6 blink frogs (D)
  6 hippogriffs (D)
  5 small abominations (D)
  6 shadows (D)
  18 redbacks (D)
  17 tarantellas (D)
  12 spriggans (D)
  5 vampires (D)
  2 ynoxinuls (D)
  2 basilisks (D)
  A fire elemental (D)
  10 yaks (D)
  A wyvern (D)
  3 golden eyes (D)
  2 large abominations (D)
  12 water moccasins (D)
  A floating eye (D)
  4 hell hounds (D)
  10 black bears (D)
  2 necrophages (D)
  4 centaurs (D)
  4 wolves (D)
  20 crocodiles (D)
  5 bullfrogs (D)
  An earth elemental (D)
  3 wights (D)
  2 crimson imps (D)
  4 quasits (D)
  2 iron imps (D)
  5 jellies (D)
  A mummy (D)
  A shadow imp (D)
  3 white imps (D)
  4 ufetubi (D)
  3 oozes (D)
  3 adder zombies (D)
  2 adder skeletons (D)
  A bat skeleton (D)
  5 bat zombies (D)
  2 ball python zombies (D)
  A giant cockroach zombie (D)
  A fire vortex (D)
  2 starspawn tentacles (D)
476 creatures vanquished.

Notes
Turn   | Place    | Note
-------+----------+-------------------------------------------
     0 | D        | Atelerd the Draconian Fighter began the quest for the Orb.
     0 | D        | Reached XP level 1. HP: 19/19 MP: 1/1
     0 | D        | Found a blossoming altar of Fedhas.
     1 | D        | Found the +6 Majin-Bo {vamp, Archmagi MP+6 Int+6}
     1 | D        | Found the +7 great mace "Firestarter" {inner flame, rF++}
    10 | D        | Found a hazy altar of Hepliaklqana.
    10 | D        | Found a viscous altar of Jiyva.
    10 | D        | Found an opulent altar of Gozag.
    10 | D        | Found a transporter.
    10 | D        | Found an ancient bone altar of Kikubaaqudgha.
    16 | D        | Found a corrupted altar of Lugonu.
    18 | D        | Found a burning altar of Makhleb.
    19 | D        | Found an iron altar of Okawaru.
    19 | D        | Found a sparkling altar of Nemelex Xobeh.
    19 | D        | Found a stormy altar of Qazlal.
    19 | D        | Found a sacrificial altar of Ru.
    19 | D        | Found a shimmering blue altar of Sif Muna.
    25 | D        | Found a bloodstained altar of Trog.
    27 | D        | Became a worshipper of Qazlal Stormbringer
    53 | D        | Found the +9 heavy crossbow "Sniper" {vorpal, Acc+∞ SInv}
    53 | D        | Found the +10 dark maul {vorpal}
    53 | D        | Found the +15 Maxwell's patent armour {-Cast -Tele rElec
                  | MR+ rCorr}
    53 | D        | Found the +18 shield of the Gong {rElec rN+ MR+ EV-5}
    53 | D        | Found the cursed +14 obsidian axe {vorpal, +Fly SInv
                  | *Curse}
    55 | D        | Found the +6 shillelagh "Devastator" {shatter}
    55 | D        | Found the +11 plutonium sword {*Contam Stlth-}
    55 | D        | Found the +8 lance "Wyrmbane" {slay drac, rPois rF+ rC+
                  | AC+3}
    55 | D        | Found the +9 sword of Zonguldrok {reap}
    55 | D        | Found the cursed +13 scythe of Curses {drain, *Curse}
    55 | D        | Found the +0 sword of Power
    55 | D        | Found the +7 mace of Variability {chain chaos}
    55 | D        | Found the +7 Singing Sword {vorpal, sonic wave}
    55 | D        | Found the +8 storm bow {elec, penet}
    70 | D        | Reached skill level 5 in Fighting
    70 | D        | Reached XP level 2. HP: 29/29 MP: 2/2
   112 | D        | Entered arena 2.
   112 | D        | Noticed a wolf
   112 | D        | Noticed a black bear
   112 | D        | Found a transporter.
   114 | D        | Killed a wolf
   114 | D        | Reached skill level 5 in Long Blades
   114 | D        | Reached skill level 5 in Dodging
   114 | D        | Reached skill level 5 in Shields
   114 | D        | Reached XP level 3. HP: 31/38 MP: 3/3
   114 | D        | Reached XP level 4. HP: 37/45 MP: 4/4
   116 | D        | Killed a black bear
   116 | D        | Reached XP level 5. HP: 43/52 MP: 5/5
   173 | D        | Entered arena 3.
   173 | D        | Noticed a spriggan
   173 | D        | Noticed a black bear
   173 | D        | Noticed a black bear
   173 | D        | Found a transporter.
   177 | D        | Killed a spriggan
   177 | D        | Reached * piety under Qazlal
   177 | D        | Reached XP level 6. HP: 37/62 MP: 6/6
   311 | D        | Entered arena 4.
   311 | D        | Noticed a golden eye
   311 | D        | Noticed a floating eye
   311 | D        | Found a transporter.
   313 | D        | Killed a golden eye
   313 | D        | Reached ** piety under Qazlal
   313 | D        | Your scales start taking on a lurid green colour.
   313 | D        | Reached XP level 7. HP: 70/70 MP: 7/7
   313 | D        | Gained mutation: Your system is resistant to poisons.
                  | (rPois) [Green Draconian growth]
   325 | D        | Entered arena 5.
   325 | D        | Noticed a yaktaur
   325 | D        | Found a transporter.
   327 | D        | Reached *** piety under Qazlal
   327 | D        | Reached skill level 1 in Invocations
   328 | D        | Reached skill level 10 in Fighting
   328 | D        | Reached skill level 2 in Invocations
   328 | D        | Reached skill level 3 in Invocations
   328 | D        | Reached XP level 8. HP: 50/79 MP: 7/10
   331 | D        | Killed a yaktaur
   331 | D        | Reached skill level 4 in Invocations
   334 | D        | Got the amulet of Gaom {Acrobat rElec MP+9 Dex+3 Stlth+}
   340 | D        | Got the Papyrus of Displacement and Self-Knowledge
   455 | D        | Entered arena 6.
   455 | D        | Noticed a small abomination
   455 | D        | Found a transporter.
   457 | D        | Reached **** piety under Qazlal
   457 | D        | Killed a small abomination
   457 | D        | Reached skill level 5 in Invocations
   460 | D        | Reached skill level 6 in Invocations
   590 | D        | Entered arena 7.
   590 | D        | Noticed a hippogriff
   590 | D        | Noticed a merfolk
   590 | D        | Noticed a hippogriff
   590 | D        | Noticed a merfolk
   590 | D        | Noticed a merfolk
   591 | D        | Found the amulet of the Air {Inacc +Fly rElec EV+5 RMsl}
   592 | D        | Found a transporter.
   596 | D        | Killed a merfolk
   596 | D        | Reached ***** piety under Qazlal
   596 | D        | Reached skill level 10 in Shields
   599 | D        | Killed a hippogriff
   599 | D        | Reached skill level 7 in Invocations
   599 | D        | Reached XP level 9. HP: 89/89 MP: 14/14
   601 | D        | Killed a merfolk
   601 | D        | Reached skill level 10 in Long Blades
   601 | D        | Reached skill level 8 in Invocations
   603 | D        | Killed a merfolk
   618 | D        | Got the ring of Soysuus {*Slow Str+3 Int+6 Dex+6 Slay+3}
   639 | D        | Entered arena 8.
   641 | D        | Found a transporter.
   643 | D        | Reached skill level 9 in Invocations
   643 | D        | Reached ****** piety under Qazlal
   644 | D        | Reached skill level 10 in Dodging
   668 | D        | Entered arena 9.
   668 | D        | Noticed a spriggan rider
   669 | D        | Found the +4 moon troll leather armour {Spirit, Regen++
                  | MP+5}
   669 | D        | Reached skill level 10 in Invocations
   669 | D        | Reached skill level 1 in Evocations
   669 | D        | Killed a spriggan rider
   669 | D        | Reached XP level 10. HP: 94/97 MP: 17/17
   670 | D        | Found a transporter.
   719 | D        | Entered arena 10.
   719 | D        | Noticed a spriggan rider
   719 | D        | Noticed a spriggan druid
   723 | D        | Reached skill level 11 in Invocations
   723 | D        | Killed a spriggan druid
   724 | D        | Found a transporter.
   770 | D        | Entered arena 11.
   770 | D        | Noticed a hell hog
   770 | D        | Noticed a hell hog
   772 | D        | Killed a hell hog
   772 | D        | Reached skill level 5 in Evocations
   772 | D        | Killed a hell hog
   772 | D        | Reached skill level 12 in Invocations
   772 | D        | Reached XP level 11. HP: 73/107 MP: 11/20
   776 | D        | Found a transporter.
   907 | D        | Entered arena 12.
   907 | D        | Noticed a reaper
   907 | D        | Noticed a skeletal warrior
   913 | D        | Killed a skeletal warrior
   913 | D        | Reached skill level 13 in Invocations
   913 | D        | Killed a reaper
  1032 | D        | Found a transporter.
  1058 | D        | Entered arena 13.
  1058 | D        | Noticed a reaper
  1058 | D        | Noticed a skeletal warrior
  1060 | D        | Killed a skeletal warrior
  1060 | D        | Killed a reaper
  1060 | D        | Reached skill level 14 in Invocations
  1061 | D        | Found a transporter.
  1078 | D        | Got the +0 cloak of the Pleiades {Int+4}
  1101 | D        | Entered arena 14.
  1101 | D        | Noticed a wolf spider
  1101 | D        | Noticed an orb spider
  1102 | D        | Noticed a wolf spider
  1102 | D        | Noticed a wolf spider
  1103 | D        | Killed a wolf spider
  1104 | D        | Killed a wolf spider
  1104 | D        | Reached XP level 12. HP: 118/118 MP: 7/22
  1104 | D        | Noticed an entropy weaver
  1104 | D        | Reached skill level 15 in Invocations
  1114 | D        | Killed an entropy weaver
  1116 | D        | Found the +3 sling "Punk" {acid, rCorr}
  1116 | D        | Found a transporter.
  1230 | D        | Entered arena 15.
  1232 | D        | Found the +2 shield of Resistance {rF+ rC+ MR+}
  1234 | D        | Found a transporter.
  1236 | D        | Reached skill level 15 in Fighting
  1275 | D        | Entered arena 16.
  1275 | D        | Noticed a four-headed hydra
  1277 | D        | Found the +12 glaive of Prune {vorpal}
  1277 | D        | Reached skill level 16 in Invocations
  1277 | D        | Killed a four-headed hydra
  1279 | D        | Found a transporter.
  1292 | D        | Got the ring of the Dropbear {Dex+2 SInv}
  1325 | D        | Entered arena 17.
  1327 | D        | Noticed an entropy weaver
  1327 | D        | Noticed an entropy weaver
  1327 | D        | Noticed a spark wasp
  1328 | D        | Reached skill level 10 in Evocations
  1329 | D        | Killed an entropy weaver
  1329 | D        | Killed a spark wasp
  1329 | D        | Killed an entropy weaver
  1329 | D        | Reached skill level 17 in Invocations
  1329 | D        | Reached XP level 13. HP: 128/128 MP: 17/25
  1330 | D        | Noticed an entropy weaver
  1332 | D        | Found a transporter.
  1344 | D        | Killed an entropy weaver
  1444 | D        | Entered arena 18.
  1447 | D        | Noticed a tentacled starspawn
  1447 | D        | Noticed a balrug
  1449 | D        | Noticed a starcursed mass
  1449 | D        | Noticed a starcursed mass
  1450 | D        | Noticed a tentacled starspawn
  1450 | D        | Identified the +10 hand crossbow of Nipsem {elec, +Blink
                  | rF- Str+3}
  1452 | D        | Killed a tentacled starspawn
  1452 | D        | Reached skill level 15 in Shields
  1453 | D        | Killed a tentacled starspawn
  1453 | D        | Reached skill level 18 in Invocations
  1455 | D        | Reached skill level 15 in Long Blades
  1460 | D        | Killed a balrug
  1463 | D        | Found a transporter.
  1474 | D        | Got the ring of Starshine {Dex+5 Stlth+}
  1724 | D        | Entered arena 19.
  1726 | D        | Noticed a death ooze
  1726 | D        | Noticed an acid blob
  1727 | D        | Noticed a death ooze
  1727 | D        | Noticed a death ooze
  1728 | D        | Killed a death ooze
  1728 | D        | Killed an acid blob
  1728 | D        | Killed a death ooze
  1728 | D        | Reached skill level 19 in Invocations
  1728 | D        | Killed a death ooze
  1729 | D        | Noticed a death ooze
  1730 | D        | Found the +7 captain's cutlass {speed, disarm}
  1731 | D        | Found a transporter.
  1735 | D        | Killed a death ooze
  1741 | D        | Got the ring "Symadoomn" {MP+9 Int+2}
  1812 | D        | Entered arena 20.
  1818 | D        | Noticed an entropy weaver
  1824 | D        | Gained mutation: Your tail ends in a poisonous barb. [Green
                  | Draconian growth]
  1824 | D        | Reached XP level 14. HP: 135/140 MP: 1/27
  1827 | D        | Killed a ghost moth
  1831 | D        | Killed an entropy weaver
  1831 | D        | Reached skill level 15 in Dodging
  1836 | D        | Killed a ghost moth
  1836 | D        | Reached skill level 20 in Invocations
  1839 | D        | Found a transporter.
  1849 | D        | Got the cursed +0 pair of gloves of Gumeq {Str+4}
  1873 | D        | Got the ring "Gyp Voas" {Wiz +Fly rElec rF++ MR-}
  2004 | D        | Entered arena 21.
  2013 | D        | Found the +2 ratskin cloak {+Rats rPois rN+ Str-1 Int-1
                  | Dex+1}
  2021 | D        | Found a transporter.
  2055 | D        | Got the ring of Ydi Zoe {Wiz rF++ MR- Str+6}
  2065 | D        | Entered arena 22.
  2068 | D        | Noticed a fire giant
  2068 | D        | Noticed a titan
  2068 | D        | Noticed a fire giant
  2069 | D        | Noticed a fire giant
  2069 | D        | Noticed a titan
  2069 | D        | Noticed a frost giant
  2069 | D        | Noticed a frost giant
  2069 | D        | Noticed a stone giant
  2069 | D        | Noticed a stone giant
  2069 | D        | Identified the amulet "Zinuone" {Reflect rPois MR+ SH+2}
  2069 | D        | Noticed a frost giant
  2069 | D        | Noticed a stone giant
  2070 | D        | Killed a fire giant
  2070 | D        | Killed a titan
  2070 | D        | Reached skill level 21 in Invocations
  2070 | D        | Killed a frost giant
  2070 | D        | Noticed a fire giant
  2071 | D        | Noticed a titan
  2071 | D        | Noticed a titan
  2071 | D        | Noticed a stone giant
  2071 | D        | Noticed a stone giant
  2071 | D        | Noticed a stone giant
  2071 | D        | Identified the ring "Xeudghath" {rC+ Dex+3}
  2071 | D        | Noticed a fire giant
  2071 | D        | Noticed a titan
  2072 | D        | Killed a fire giant
  2075 | D        | Killed a titan
  2075 | D        | Noticed a titan
  2076 | D        | Killed a frost giant
  2076 | D        | Killed a stone giant
  2076 | D        | Killed a stone giant
  2076 | D        | Killed a stone giant
  2076 | D        | Reached skill level 22 in Invocations
  2076 | D        | Reached XP level 15. HP: 126/151 MP: 22/30
  2076 | D        | Killed a frost giant
  2076 | D        | Killed a fire giant
  2076 | D        | Reached skill level 15 in Evocations
  2076 | D        | Killed a fire giant
  2076 | D        | Killed a titan
  2076 | D        | Killed a titan
  2076 | D        | Killed a titan
  2076 | D        | Reached skill level 23 in Invocations
  2079 | D        | Killed a fire giant
  2081 | D        | Found a transporter.
  2085 | D        | Killed a titan
  2192 | D        | Got the Reference Book on Dislocated Talismans
  2212 | D        | Entered arena 23.
  2231 | D        | Reached skill level 24 in Invocations
  2235 | D        | Found a transporter.
  2276 | D        | Got the ring "Pebeuxze" {Wiz rPois rC+ Dex-4 SInv}
  2302 | D        | Entered arena 24.
  2306 | D        | Noticed a death cob
  2307 | D        | Noticed a storm dragon
  2307 | D        | Noticed a storm dragon
  2307 | D        | Noticed a storm dragon
  2307 | D        | Noticed a quicksilver dragon
  2307 | D        | Noticed a tentacled monstrosity
  2307 | D        | Noticed an Orb Guardian
  2307 | D        | Noticed a tentacled monstrosity
  2307 | D        | Noticed a death cob
  2307 | D        | Noticed an Orb Guardian
  2307 | D        | Noticed a storm dragon
  2308 | D        | Noticed an Orb Guardian
  2308 | D        | Noticed a storm dragon
  2308 | D        | Noticed an Orb Guardian
  2308 | D        | Noticed an Orb Guardian
  2309 | D        | Killed a tentacled monstrosity
  2309 | D        | Killed an Orb Guardian
  2309 | D        | Killed a storm dragon
  2309 | D        | Killed a storm dragon
  2309 | D        | Reached XP level 16. HP: 165/165 MP: 32/32
  2309 | D        | Killed a storm dragon
  2309 | D        | Killed a quicksilver dragon
  2309 | D        | Killed an Orb Guardian
  2309 | D        | Killed a death cob
  2309 | D        | Killed an Orb Guardian
  2309 | D        | Killed a storm dragon
  2309 | D        | Killed a tentacled monstrosity
  2309 | D        | Killed an Orb Guardian
  2309 | D        | Killed a storm dragon
  2309 | D        | Reached skill level 25 in Invocations
  2310 | D        | Noticed an Orb Guardian
  2310 | D        | Identified the ring "Huyppeg" {MR+ Str+2 Dex+4 Slay+2 SInv}
  2310 | D        | Noticed a death cob
  2311 | D        | Noticed an Orb Guardian
  2312 | D        | Killed a death cob
  2312 | D        | Identified the ring "Otanun" {*Contam rElec MR- Str+4
                  | Int+6}
  2312 | D        | Noticed a shadow dragon
  2312 | D        | Noticed an Orb Guardian
  2313 | D        | Identified the ring "Ynlinom" {rElec rN+ Dex+6}
  2315 | D        | Noticed an Orb Guardian
  2315 | D        | Killed an Orb Guardian
  2317 | D        | Killed a death cob
  2318 | D        | Killed an Orb Guardian
  2319 | D        | Identified the +1 long sword "Teegacs" {pain, Int+2 Dex+2}
  2321 | D        | Killed an Orb Guardian
  2321 | D        | Killed an Orb Guardian
  2321 | D        | Killed a shadow dragon
  2321 | D        | Killed an Orb Guardian
  2720 | D        | Found a transporter.
  2755 | D        | Got the ring of Junaorch {*Drain rF+ MP+9 Str+2}
  2767 | D        | Got the ring of Mysticism {+Inv +Fly MR- SInv}
  2774 | D        | Entered arena 25.
  2782 | D        | Found the +3 robe of Clouds {+Thunder rCloud rElec}
  2788 | D        | Reached XP level 17. HP: 178/178 MP: 33/33
  2796 | D        | Reached skill level 26 in Invocations
  2802 | D        | Found a transporter.
  2870 | D        | Entered arena 26.
  2872 | D        | Identified the +8 short sword "Cuor" {venom, rElec Str+2}
  2872 | D        | Identified the +2 buckler "Vamegoss" {MR+ Str+3 Int+2}
  2874 | D        | Reached skill level 1 in Ice Magic
  2878 | D        | Reached skill level 1 in Spellcasting
  2882 | D        | Reached skill level 5 in Ice Magic
  2883 | D        | Identified the ring "Fosaprics" {Int+8 Slay+2}
  2884 | D        | Noticed an ancient lich
  2884 | D        | Identified the cursed +0 robe "Qabailacw" {+Blink rPois
                  | Int+3 Dex+6}
  2884 | D        | Identified the cursed +1 leather armour "Ramesid" {*Drain
                  | +Blink rC+ Str+3}
  2890 | D        | Reached skill level 5 in Spellcasting
  2895 | D        | Reached skill level 10 in Ice Magic
  2900 | D        | Killed an ancient lich
  2904 | D        | Reached skill level 10 in Spellcasting
  2927 | D        | Found a transporter.
  2973 | D        | Got the amulet of the Lich-sworn {Inacc rN+}
  3010 | D        | Learned a level 6 spell: Freezing Cloud
  3024 | D        | Got the Catalogue of Congealing Protection
  3078 | D        | Entered arena 27.
  3090 | D        | Reached skill level 1 in Conjurations
  3091 | D        | Reached skill level 5 in Conjurations
  3097 | D        | Reached XP level 18. HP: 44/190 MP: 8/35
  3116 | D        | Found the +8 demon trident "Rift" {distort, reach+}
  3130 | D        | Found a transporter.
  3164 | D        | Got Mosohil's Incunabulum of Unholy Rites and Orientation
  3193 | D        | Got the ring "Can Pill" {*Corrode rElec Str+9 Int+2 SInv}
  3204 | D        | Got the Guide on Weightlessness and Curses
  3206 | D        | Got the Papyrus of the Escort and the Arsonist
  3208 | D        | Got the Compendium of Congealing Changing
  3343 | D        | Entered arena 28.
  3362 | D        | Mangled by an acid blob

Levels and vault maps discovered:
D:        sprint_v [room_start, room_1, room_2, room_3, room_4, room_5, room_6,
          room_7, room_8, room_9, room_10, room_11, room_12, room_13, room_14,
          room_15, room_16, room_17, room_18, room_19, room_20, room_21,
          room_22, room_23, room_24, room_25, room_26, room_27]

Skill      XL: |  1  2  3  4  5  6  7  8  9 10 11 12 13 14 15 16 17 18 |
---------------+-------------------------------------------------------+-----
Fighting       | 5 6 7 8 9 10 11 12 13 14 15 17 18 20 22 24 | 24.5
Long Blades    | 4 5 6 7 8 9 11 12 13 14 15 17 19 22 25 | 25.3
Dodging        | 4 5 6 7 8 9 10 11 12 13 14 16 17 19 21 22 | 22.0
Shields        | 4 5 6 7 8 9 10 11 12 13 14 15 18 21 23 24 | 24.5
Invocations    | 3 7 10 12 14 17 19 22 24 25 26 | 26.8
Evocations     | 2 5 8 10 12 14 16 | 16.3
Ice Magic      | 14 | 14.5
Spellcasting   | 11 12 | 12.1
Conjurations   | 6 7 |  7.4

Action                   |  1- 3 |  4- 6 |  7- 9 | 10-12 | 13-15 | 16-18 || total
-------------------------+-------+-------+-------+-------+-------+-------++-------
Melee: Double sword      |     1 |     9 |    22 |    27 |    66 |    62 ||   187
       Tailslap          |       |     1 |     3 |     8 |    14 |    11 ||    37
Invok: Disaster Area     |       |       |       |    14 |     9 |     6 ||    29
       Elemental Force   |       |       |       |       |     1 |       ||     1
 Abil: Breathe Noxious F |       |       |     2 |       |       |       ||     2
       Stop Flying       |       |       |     1 |       |       |       ||     1
       Evoke Flight      |       |       |     1 |       |       |       ||     1
Evoke: Lightning rod     |       |       |       |       |       |     2 ||     2
       Phantom mirror    |       |       |       |       |       |     1 ||     1
       Tin of tremorston |       |       |       |       |       |     1 ||     1
  Use: Potion            |     1 |       |       |       |     4 |    14 ||    19
       Scroll            |       |       |       |     6 |       |     4 ||    10
 Stab: Confused          |       |       |     1 |       |       |       ||     1
       Petrified         |       |       |       |       |     5 |       ||     5
  Eat: Chunk             |       |       |       |     2 |       |       ||     2
       Ration            |       |       |       |       |     1 |     1 ||     2
Armor: Skin              |       |     2 |     4 |     3 |    12 |    23 ||    44
Dodge: Dodged            |     2 |     2 |     5 |     7 |    46 |   106 ||   168
       Repelled          |       |       |       |       |     2 |     1 ||     3
Block: Kite shield       |     3 |    15 |    51 |    54 |   138 |   183 ||   444
       Rpst.: Double sword |     1 |     1 |     1 |     1 |     2 |     6 ||    12

Table legend:
 A = Non-vault XP
 B = Vault XP
 C = Vault XP percentage of total XP
 D = Non-vault monster count
 E = Vault monster count
 F = Vault count percentage of total count
                 A         B        C        D         E       F
            +---------+---------+-------+---------+---------+-------
      Total |    2039 |  295160 |  99.3 |       7 |     466 |  98.5
            +---------+---------+-------+---------+---------+-------
          D |    2039 |  295160 |  99.3 |       7 |     466 |  98.5
            +---------+---------+-------+---------+---------+-------
